 Dungeon Crawl Stone Soup version 0.27-a0-1391-g48c30b3128 (webtiles) character file.

Game seed: 16544249891661178193

114 Nattfarinn the Stinger (level 4, -5/28 HPs)
             Began as an Octopode Transmuter on July 1, 2021.
             Succumbed to an orc's poison
             ... on level 3 of the Dungeon.
             The game lasted 00:07:12 (2491 turns).

Nattfarinn the Stinger (Octopode Transmuter)        Turns: 2491, Time: 00:07:13

Health: -5/28      AC:  2    Str: 10    XL:     4   Next: 97%
Magic:  15/16      EV: 19    Int: 15    God:
Gold:   145        SH:  0    Dex: 17    Spells: 3/7 levels left

rFire    . . .     SeeInvis .     - Unarmed
rCold    . . .     Faith    .   (shield currently unavailable)
rNeg     . . .     Spirit   .   (helmet currently unavailable)
rPois    x         Reflect  .   (no amulet)
rElec    .         Harm     .   e - ring of magical power
rCorr    .         Rampage  .   (no ring)
Will     .....                  (no ring)
Stlth    ++........             (no ring)
HPRegen  0.09/turn              (no ring)
MPRegen  0.15/turn              (no ring)
                                (no ring)
                                (no ring)

@: lethally poisoned (-5 -> -53), spider-form (expiring)
A: venomous fangs, almost no armour, (amphibious), 8 rings, tiny, (camouflage
1), (gelatinous body 1), (nimble swimmer 1), (tentacles)
a: End Transformation


You were on level 3 of the Dungeon.
You were a venomous arachnid creature.
You visited 1 branch of the dungeon, and saw 3 of its levels.

You collected 145 gold pieces.

Inventory:

Hand Weapons
 g - a +2 spear of freezing (melded)
Jewellery
 e - a ring of magical power (left front leg)
Scrolls
 b - a scroll of torment {unknown}
 d - 4 scrolls of identify {unknown}
 f - a scroll of fear {unknown}
 h - 3 scrolls of vulnerability {unknown}
Potions
 a - a potion of haste {unknown}
 c - 2 potions of brilliance {unknown}
 i - a potion of attraction {unknown}


   Skills:
 + Level 1.2 Fighting
 + Level 2.1 Dodging
 * Level 3.2 Unarmed Combat
 - Level 2.0 Spellcasting
 - Level 3.0 Transmutations
 - Level 4.0 Poison Magic


You had 3 spell levels left.
You knew the following spells:

 Your Spells              Type           Power      Damage    Failure   Level
a - Beastly Appendage     Tmut           20%        N/A       17%         1
b - Spider Form           Tmut/Pois      6%         N/A       34%         3

Your spell library contained the following spells:

 Spells                   Type           Power      Damage    Failure   Level
 Wereblood                Tmut           10%        N/A       24%         2
 Ice Form                 Ice/Tmut       6%         N/A       89%         4


Dungeon Overview and Level Annotations

Branches:
Dungeon (3/15)

Altars:


Innate Abilities, Weirdness & Mutations

You are a venomous arachnid creature.
You have poisonous fangs.
You are tiny and dextrous.
Your spellcasting is less reliable in this form.
Your armour is entirely melded.
You are incapable of wielding weapons or throwing items.
You cannot wear most types of armour.
((You are amphibious.))
You can wear up to eight rings at the same time.
((Your skin changes colour to match your surroundings (Stealth+).))
((Your rubbery body absorbs attacks. (AC +1, EV +1)))
((You are camouflaged near water. (Stealth+)))
((You have tentacles for arms and can constrict up to eight enemies at once.))


Message History

You hit the orc.
The orc is almost dead.
You kill the orc!
You barely miss the kobold. You hit the kobold but do no damage.
The kobold is poisoned.
The kobold hits you but does no damage.
You hit the kobold.
You kill the kobold!
You hit the worm.
The worm is poisoned.
The worm is moderately wounded.
You hit the worm.
The worm looks as sick as possible!
The worm is heavily wounded.
The worm misses you.
Unknown command.
Your transformation is almost over.
You hit the worm.
The worm looks as sick as possible!
The worm is severely wounded.
You kill the worm!
The goblin hits you with a +0 club.
You hit the goblin.
The goblin is heavily wounded.
The goblin misses you.
You barely miss the goblin.
The goblin is moderately wounded.
The goblin barely misses you.
You hit the goblin.
You kill the goblin!
You barely miss the orc.
The orc hits you with a +2 short sword of venom.
You are poisoned.
You are too injured to fight recklessly!
You hit the orc.
The orc is poisoned.
The orc is heavily wounded.
You feel very sick.
The orc hits you with a +2 short sword of venom.
* * * LOW HITPOINT WARNING * * *
You are more poisoned.
You hit the orc.
The orc is almost dead.
You die...

♣♣♣...#
♣.♣.♣....
##....♣
♣.♣♣♣♣...
...#####....♣♣
PP ♣...
#.......##♣♣ .
♣... ...#####.#
#### ####.....#
#.......##
..#####.## #s.#
. ##o# ..
######)#####.###
#............g..
...##.##..K..##.
#.# ##.#.## #?.
.## .. ## ## #.#
.#


You could see an orc (very poisoned).

Vanquished Creatures
  Terence (D:2)
  2 adders (D:2)
  3 worms
  A dart slug (D:2)
  An orc (D:3)
  7 endoplasms
  A giant cockroach (D:3)
  5 goblins
  4 hobgoblins
  10 jackals
  A quokka (D:1)
  5 ball pythons
  2 bats
  4 frilled lizards
  5 kobolds
  5 rats
57 creatures vanquished.

Vanquished Creatures (others)
  A plant (D:3)
1 creature vanquished.

Grand Total: 58 creatures vanquished

Notes
Turn   | Place    | Note
-------+----------+-------------------------------------------
     0 | D:1      | Nattfarinn the Octopode Transmuter began the quest for the
                  | Orb.
     0 | D:1      | Reached XP level 1. HP: 13/13 MP: 3/3
   161 | D:1      | Reached skill level 1 in Poison Magic
   322 | D:1      | Reached XP level 2. HP: 16/18 MP: 3/5
   498 | D:1      | Reached skill level 2 in Poison Magic
   805 | D:1      | Reached XP level 3. HP: 19/23 MP: 4/6
   867 | D:1      | Learned a level 3 spell: Spider Form
  1504 | D:2      | Reached skill level 3 in Poison Magic
  1584 | D:2      | Noticed Terence
  1598 | D:2      | Killed Terence
  1599 | D:2      | Reached XP level 4. HP: 24/28 MP: 7/7
  1784 | D:2      | Reached skill level 4 in Poison Magic
  2491 | D:3      | Succumbed to an orc's poison

Illustrated notes

Levels and vault maps discovered:
D:1:      dpeg_arrival_rooms_with_view, layout_basic
D:2:      layout_rooms, uniq_terence
D:3:      minmay_general_purpose_star, layout_basic, bloody_trog, serial_forest,
          infiniplex_forest_zigzag_1, infiniplex_forest_3_way,
          infiniplex_forest_clump_cross, infiniplex_forest_end_2,
          infiniplex_forest_side_room, infiniplex_forest_straight_4,
          infiniplex_forest_pool, infiniplex_forest_corner_1,
          infiniplex_forest_straight_2, infiniplex_forest_side_room,
          minmay_ruptured, uniq_sigmund

Skill      XL: |  1  2  3  4 |
---------------+-------------+-----
Poison Magic   | 1 2 3 4 |  4.0
Transmutations | 3 |  3.0
Fighting       | |  1.2
Dodging        | |  2.1
Unarmed Combat | |  3.2
Spellcasting   | |  2.0

Action                   |  1- 3 |  4- 6 || total
-------------------------+-------+-------++-------
Melee: Unarmed           |    85 |    34 ||   119
       Tentacles         |    11 |     1 ||    12
       Constrict         |    14 |     3 ||    17
       Kick              |    13 |       ||    13
       Punch             |     2 |       ||     2
       Spear             |       |    15 ||    15
 Cast: Beastly Appendage |    13 |       ||    13
       Spider Form       |     5 |     4 ||     9
 Stab: Sleeping          |     2 |     2 ||     4
Armor: Skin              |     3 |     3 ||     6
Dodge: Dodged            |    46 |    23 ||    69

Table legend: (Time is in decaauts)
 A = Elapsed time spent in this place.
 B = Non-inter-level travel time spent in this place.
 C = Inter-level travel time spent in this place.
 D = Time resting spent in this place.
 E = Time spent auto-exploring this place.
 F = Levels seen in this place.
 G = Mean time per level.
                   A        B        C        D        E       F      G
               +--------+--------+--------+--------+--------+-----+--------+
         Total |   2485 |   2357 |    128 |    436 |   1537 |   3 |  828.3 |
       Dungeon |   2485 |   2357 |    128 |    436 |   1537 |   3 |  828.3 |
               +--------+--------+--------+--------+--------+-----+--------+

Top non-repeatable levels by time:
     D:1: 1290 daAuts
     D:2: 617 daAuts
     D:3: 578 daAuts
